Match 26534989
Unlisted

Match 26534989
End
Kradschützen Motorcycle Team
Panzergrenadier Squad
Panzergrenadier Squad
250 Light Carrier
Construct Light Support Kompanie
Fire Support Elements
MG34 Team
Combat Half-tracks
le.IG 18 Mechanized Group
2.5-tonne Medical Truck
Pak 38 Anti-tank Gun Team
Selects Armored Support Battlegroup
Selects Superior Fire Drills
Construct Panzerarmee Kommand
MG34 Team
Vehicle Survival Package
Selects Flammpanzer III Medium Tank Sd.Kfz. 141
Flammpanzer III Medium Tank
Pak 38 Anti-tank Gun Team
Armored Reserves
Panzer IV Assault Group
Tungsten Core Ammunition
chobandi
Aguso
Insurmountable Odds
HYNOUS
DoMxNightM4rE
zintoko
0
0

Comments sign in to comment!

No comments posted yet!